 Dungeon Crawl Stone Soup version 0.23-a0-73-g64c3ba73d4 (webtiles) character file.

396 Roikka the Magician (level 6, -3/44 HPs)
             Began as a Gnoll Wizard on Aug 10, 2018.
             Slain by a phantom (5 damage)
             ... on level 4 of the Dungeon.
             The game lasted 00:20:58 (3176 turns).

Roikka the Magician (Gnoll Wizard)                  Turns: 3176, Time: 00:20:59

Health: -3/44      AC:  2    Str: 14 (15) XL:     6   Next: 83%
Magic:  2/16       EV: 14    Int: 20 (21) God:
Gold:   177        SH:  3    Dex: 13 (14) Spells: 8/19 levels left

rFire    x . .     SeeInvis .   a - +2 spear (venom)
rCold    + . .     Gourm    .   (no shield)
rNeg     . . .     Faith    .   f - +0 robe
rPois    .         Spirit   .   b - +0 hat
rElec    .         Reflect  +   (no cloak)
rCorr    .         Harm     .   (no gloves)
MR       .....                  (no boots)
Stlth    ++........             o - +3 amulet of reflection
HPRegen  0.14/turn              k - ring of ice
MPRegen  0.15/turn              q - ring of flight

@: mighty
A: distributed training, fangs 1, hooves 1, blink, strong nose
a: Blink, Evoke Flight


You were on level 4 of the Dungeon.
You were not hungry.

You visited 1 branch of the dungeon, and saw 6 of its levels.
You also visited: Sewer.

You collected 177 gold pieces.

Inventory:

Hand Weapons
 a - a +2 spear of venom (weapon)
 p - a +1 trident of flaming
Armour
 b - a +0 hat (worn)
 f - a +0 robe (worn)
 j - a +0 leather armour
Jewellery
 h - an uncursed amulet of harm
 k - a ring of ice (left hand)
 o - a +3 amulet of reflection (around neck)
 q - a ring of flight (right hand)
Wands
 t - a wand of polymorph (8)
Potions
 e - 5 potions of curing
 l - 3 potions of flight
 n - a potion of degeneration
 r - a potion of lignification {unknown}
Comestibles
 d - 6 rations


   Skills:
 + Level 2.1 Fighting
 + Level 2.1 Short Blades
 + Level 2.1 Long Blades
 + Level 2.1 Axes
 + Level 2.1 Maces & Flails
 + Level 2.1 Polearms
 + Level 2.1 Staves
 + Level 2.1 Slings
 + Level 2.1 Bows
 + Level 2.1 Crossbows
 + Level 2.1 Throwing
 + Level 2.1 Armour
 + Level 5.0 Dodging
 + Level 4.6 Stealth
 + Level 2.1 Shields
 + Level 2.1 Unarmed Combat
 + Level 7.4 Spellcasting
 + Level 2.7 Conjurations
 + Level 1.6 Hexes
 + Level 1.6 Charms
 + Level 2.7 Summonings
 + Level 1.6 Necromancy
 + Level 2.7 Translocations
 + Level 1.6 Transmutations
 + Level 1.6 Fire Magic
 + Level 1.6 Ice Magic
 + Level 1.6 Air Magic
 + Level 1.6 Earth Magic
 + Level 1.6 Poison Magic
 + Level 2.3 Invocations
 + Level 2.1 Evocations


You had 8 spell levels left.
You knew the following spells:

 Your Spells              Type           Power        Failure   Level  Hunger
a - Magic Dart            Conj           ###.         3%          1    None
b - Blink                 Tloc           N/A          4%          2    None
c - Call Imp              Summ           ###.....     4%          2    None
d - Conjure Flame         Conj/Fire      ###.....     11%         3    #......
e - Mephitic Cloud        Conj/Pois/Air  ###.....     12%         3    #......

Your spell library contained the following spells:

 Spells                   Type           Power        Failure   Level  Hunger
 Slow                     Hex            ##......     7%          2    None


Dungeon Overview and Level Annotations

Branches:
Dungeon (6/15)
 Temple: D:4-7

Altars:
Makhleb
Trog

Annotations:
D:3 3 runed doors, Gerstahl's ghost, amateur DsGl


Innate Abilities, Weirdness & Mutations

Your experience applies equally to all skills.
You have very sharp teeth.
Your uncanny sense of smell can sniff out nearby items.
You have large cloven feet.
You can translocate small distances at will.


Message History

Aiming: Magic Dart (safe; 3% risk of failure)
Press: ? - help, Shift-Dir - straight line, f/p - phantom
Aim: a phantom (heavily damaged)
The magic dart hits the phantom.
The phantom is severely damaged.
You are too injured to fight recklessly!
You closely miss the phantom.
The phantom is severely damaged.
The phantom blinks!
The phantom blinks!
The phantom blinks!
The phantom hits you.
* * * LOW HITPOINT WARNING * * *
You miss the phantom.
The phantom is severely damaged.
The phantom misses you.
You barely miss the phantom. You bite the phantom!
The phantom is almost destroyed.
The phantom hits you.
You die...

#.#.........##
#............##
#.............#
#.............#
##.............#
#..............#
##....%....%..##
##......%.....#
#....@W.......#
#............##
#%>..........#
##.........###
####....###
######


You could see a phantom.

Vanquished Creatures
  A big kobold (Sewer)
  2 howler monkeys (D:6)
  A bullfrog skeleton (D:4)
  An iguana (D:4)
  A worker ant zombie (D:6)
  8 adders
  2 river rats
  5 worms
  A dart slug (D:1)
  A leopard gecko (D:3)
  An orc (D:4)
  2 ball pythons (D:2)
  6 giant cockroaches
  6 hobgoblins
  4 jackals
  11 kobolds
  A quokka (D:2)
  7 bats
  3 frilled lizards
  6 goblins
  12 rats
82 creatures vanquished.

Vanquished Creatures (collateral kills)
  A hound (D:3)
  An ooze (D:3)
2 creatures vanquished.

Vanquished Creatures (others)
  A fungus (D:3)
  3 plants (D:3)
4 creatures vanquished.

Grand Total: 88 creatures vanquished

Notes
Turn   | Place    | Note
-------+----------+-------------------------------------------
     0 | D:1      | Roikka the Gnoll Wizard began the quest for the Orb.
     0 | D:1      | Reached XP level 1. HP: 13/13 MP: 8/8
   223 | D:1      | Reached XP level 2. HP: 19/19 MP: 6/10
   273 | D:1      | Learned a level 2 spell: Blink
   276 | D:1      | Learned a level 2 spell: Call Imp
   754 | D:2      | Reached XP level 3. HP: 25/25 MP: 8/11
   761 | D:2      | Reached skill level 1 in Invocations
   982 | D:2      | Reached skill level 1 in Fighting
   982 | D:2      | Reached skill level 1 in Short Blades
   982 | D:2      | Reached skill level 1 in Long Blades
   982 | D:2      | Reached skill level 1 in Axes
   982 | D:2      | Reached skill level 1 in Maces & Flails
   982 | D:2      | Reached skill level 1 in Polearms
   982 | D:2      | Reached skill level 1 in Staves
   982 | D:2      | Reached skill level 1 in Slings
   982 | D:2      | Reached skill level 1 in Bows
   982 | D:2      | Reached skill level 1 in Crossbows
   982 | D:2      | Reached skill level 1 in Throwing
   982 | D:2      | Reached skill level 1 in Armour
   982 | D:2      | Reached skill level 1 in Shields
   982 | D:2      | Reached skill level 1 in Unarmed Combat
   982 | D:2      | Reached skill level 1 in Evocations
  1011 | D:2      | Reached XP level 4. HP: 32/32 MP: 11/13
  1016 | D:2      | Learned a level 3 spell: Conjure Flame
  1020 | D:2      | Learned a level 3 spell: Mephitic Cloud
  1772 | D:3      | Found a burning altar of Makhleb.
  1780 | D:3      | Reached skill level 1 in Hexes
  1780 | D:3      | Reached skill level 1 in Charms
  1780 | D:3      | Reached skill level 1 in Necromancy
  1780 | D:3      | Reached skill level 1 in Transmutations
  1780 | D:3      | Reached skill level 1 in Fire Magic
  1780 | D:3      | Reached skill level 1 in Ice Magic
  1780 | D:3      | Reached skill level 1 in Air Magic
  1780 | D:3      | Reached skill level 1 in Earth Magic
  1780 | D:3      | Reached skill level 1 in Poison Magic
  1887 | D:3      | Found a bloodstained altar of Trog.
  1972 | D:3      | Noticed a big kobold
  1973 | D:3      | Found a runed gate.
  1973 | D:3      | Found a runed gate.
  1973 | D:3      | Noticed Gerstahl's ghost (amateur DsGl)
  1974 | D:3      | Found a runed gate.
  1979 | D:3      | Noticed a big kobold
  1982 | D:3      | Reached XP level 5. HP: 33/37 MP: 11/14
  2424 | D:3      | You fall through a shaft for 3 floors!
  2424 | D:6      | Found a glowing drain.
  2439 | Sewer    | Entered a sewer
  2707 | Sewer    | Noticed a big kobold
  2729 | Sewer    | Killed a big kobold
  2729 | Sewer    | Reached XP level 6. HP: 30/44 MP: 2/16
  2868 | Sewer    | Found a glowing silver altar of Zin.
  3011 | D:6      | Reached skill level 5 in Dodging
  3109 | D:5      | Entered Level 5 of the Dungeon
  3114 | D:4      | Noticed a phantom
  3140 | D:4      | Gained mutation: You occasionally shout uncontrollably at your foes. [potion of mutation]
  3140 | D:4      | Gained mutation: You have a pair of small horns on your head. [potion of mutation]
  3141 | D:4      | Lost mutation: You have a pair of small horns on your head. [potion of mutation]
  3141 | D:4      | Lost mutation: You occasionally shout uncontrollably at your foes. [potion of mutation]
  3141 | D:4      | Gained mutation: You have large cloven feet. [potion of mutation]
  3141 | D:4      | Gained mutation: You can translocate small distances at will. [potion of mutation]
  3174 | D:4      | HP: 1/44 [phantom (5)]
  3176 | D:4      | Slain by a phantom

Vault maps used:
D:1:      matt_arrival_refuge
D:2:      kennysheep_generic_room_4
D:3:      lemuel_crystal_altar, makhleb_heckhound_becter, first_ration,
          gammafunk_ghost_nasty_kobolds, grunt_decor_mini_mirrors,
          hangedman_decor_diamond_cutter, minmay_statues_item,
          minmay_surrounded, uniq_crazy_yiuf_cottage
D:4:      lemuel_crystal_altar, ebering_ghost_disaster_area
D:5:      serial_shops, kennysheep_mini_moat, kennysheep_pointless_box,
          minmay_misc_feat_five
D:6:      slow_altar_2, grunt_gozag_statues, basic_altar, portal_sewer_entry_a,
          uniq_sigmund, uniq_eustachio
Sewer:    sewer_kobolds

Skill      XL: |  1  2  3  4  5  6 |
---------------+-------------------+-----
Conjurations   | 2 |  2.7
Summonings     | 2 |  2.7
Translocations | 2 |  2.7
Invocations    | 1 2 |  2.3
Fighting       | 1 2 |  2.1
Short Blades   | 1 2 |  2.1
Long Blades    | 1 2 |  2.1
Axes           | 1 2 |  2.1
Maces & Flails | 1 2 |  2.1
Polearms       | 1 2 |  2.1
Staves         | 1 2 |  2.1
Slings         | 1 2 |  2.1
Bows           | 1 2 |  2.1
Crossbows      | 1 2 |  2.1
Throwing       | 1 2 |  2.1
Armour         | 1 2 |  2.1
Shields        | 1 2 |  2.1
Unarmed Combat | 1 2 |  2.1
Evocations     | 1 2 |  2.1
Hexes          | 1 |  1.6
Charms         | 1 |  1.6
Necromancy     | 1 |  1.6
Transmutations | 1 |  1.6
Fire Magic     | 1 |  1.6
Ice Magic      | 1 |  1.6
Air Magic      | 1 |  1.6
Earth Magic    | 1 |  1.6
Poison Magic   | 1 |  1.6
Dodging        | 5 |  5.0
Stealth        | |  4.6
Spellcasting   | |  7.4

Action                   |  1- 3 |  4- 6 || total
-------------------------+-------+-------++-------
Melee: Spear             |    25 |    73 ||    98
       Punch             |       |     2 ||     2
       Bite              |       |     2 ||     2
       Kick              |       |     1 ||     1
 Cast: Magic Dart        |    36 |   100 ||   136
       Call Imp          |       |     7 ||     7
       Blink             |       |     5 ||     5
       Mephitic Cloud    |       |     1 ||     1
 Abil: Evoke Flight      |       |     1 ||     1
  Use: Scroll            |       |    10 ||    10
       Potion            |       |     4 ||     4
 Stab: Sleeping          |     2 |     1 ||     3
  Eat: Chunk             |       |     7 ||     7
Armor: Robe              |     1 |     5 ||     6
Dodge: Dodged            |     5 |    37 ||    42
Block: Other             |       |     8 ||     8
       Reflection        |       |     1 ||     1

Table legend:
 A = Non-vault XP
 B = Vault XP
 C = Vault XP percentage of total XP
 D = Non-vault monster count
 E = Vault monster count
 F = Vault count percentage of total count
 G = Total turns spent on level
                 A         B        C        D         E       F
            +---------+---------+-------+---------+---------+-------
      Total |     378 |     189 |  33.3 |      62 |      22 |  26.2
            +---------+---------+-------+---------+---------+-------
        D:1 |      33 |       0 |   0.0 |      20 |       0 |   0.0
        D:2 |      63 |       3 |   4.5 |      19 |       2 |   9.5
        D:3 |      82 |      49 |  37.4 |      16 |       5 |  23.8
        D:4 |      88 |       0 |   0.0 |       4 |       0 |   0.0
        D:6 |     112 |      12 |   9.7 |       3 |       3 |  50.0
      Sewer |       0 |     125 | 100.0 |       0 |      12 | 100.0
            +---------+---------+-------+---------+---------+-------
